 Dungeon Crawl Stone Soup version 0.19.0-18-g426998a (webtiles) character file.

274 Drunkenshrew the Slasher (level 6, -2/56 HPs)
             Began as a Draconian Monk on Nov 11, 2016.
             Slain by a gnoll (8 damage)
             ... on level 4 of the Dungeon.
             The game lasted 00:07:37 (2402 turns).

Drunkenshrew the Slasher (Draconian Monk)           Turns: 2402, Time: 00:07:38

Health: -2/56      AC:  6    Str: 13    XL:     6   Next: 3%
Magic:  6/6        EV: 19    Int: 10    God:
Gold:   106        SH:  0    Dex: 21    Spells: 0 memorised, 5 levels left

rFire  x . .     SeeInvis .     a - +0 falchion
rCold  + . .     Gourm    .     (armour unavailable)
rNeg   . . .     Faith    .     (no shield)
rPois  .         Spirit   .     (helmet restricted)
rElec  .         Reflect  .     (no cloak)
rCorr  +         Harm     .     (no gloves)
MR     .....                    (no boots)
Stlth  ++........               (no amulet)
                                o - ring of ice
                                e - ring of resist corrosion

@: agile, glowing
A: unfitting armour, cold-blooded, AC +6
a: no special abilities


You were on level 4 of the Dungeon.
You were not hungry.

You visited 1 branch of the dungeon, and saw 5 of its levels.

You collected 106 gold pieces.

Inventory:

Hand Weapons
 a - a +0 falchion (weapon)
Jewellery
 e - a ring of resist corrosion (left hand)
 o - a ring of ice (right hand)
Scrolls
 f - a scroll of identify
 i - a scroll of recharging
Potions
 c - a potion of magic
 j - a potion of curing
 n - a potion of brilliance {unknown}
 q - a potion of lignification {unknown}
Comestibles
 b - 3 bread rations
 k - a slice of pizza
 r - a royal jelly


   Skills:
 - Level 5.0 Fighting
 + Level 5.5 Long Blades
 - Level 3.1 Dodging
 - Level 1.7 Stealth


You had 5 spell levels left.
You didn't know any spells.

Dungeon Overview and Level Annotations

Branches:
Dungeon (5/15)
 Temple: D:4-7

Altars:
Cheibriados
Fedhas
Nemelex Xobeh
Uskayaw
Vehumet
Zin

Annotations:
D:5 glosham's ghost, weakling FoCj


Innate Abilities, Weirdness & Mutations

Your plain brown scales are hard. (AC +6)
You cannot fit into any form of body armour.
You are cold-blooded and may be slowed by cold attacks.


Message History

You are too injured to fight recklessly!
You barely miss the gnoll shaman.
The gnoll shaman is severely wounded.
The gnoll misses you.
The gnoll hits you from afar with a spear.
* * * LOW HITPOINT WARNING * * *
The gnoll hits you.
* * * LOW HITPOINT WARNING * * *
The gnoll shaman closely misses you.
You completely miss the gnoll shaman.
The gnoll shaman is severely wounded.
The gnoll hits you.
* * * LOW HITPOINT WARNING * * *
The gnoll hits you from afar with a spear.
* * * LOW HITPOINT WARNING * * *
The gnoll shaman misses you.
You hit the gnoll shaman but do no damage.
The gnoll shaman is severely wounded.
The gnoll hits you!
You die...

##..).........#.#
....###.#.#.##.# #
#.#.#.....#.# # #.
#.#.##..#.#.#
##...##.......#.#.##.#
#..[.................#
#.$...##....#.###.#####
'....wggg....>..#.#....
#.....$#@...###.#.#.#.#
a...##.##.### #.#.#.#.#
..# #.
#.#####.#.#.#.### # ..
#.#.....#.#...... ..
#.###.##......### ...
#.........##### ...
#........## #........#
#.....).##


You could see a gnoll shaman, a worm and 2 gnolls.

Vanquished Creatures
  An ogre (D:4)
  Ijyb (D:2)
  2 worker ants (D:5)
  A worker ant zombie (D:5)
  A gnoll (D:4)
  2 adders
  An ooze (D:2)
  2 worms (D:2)
  A dart slug (D:1)
  2 leopard geckos
  6 orcs
  A ball python (D:2)
  7 bats
  3 giant cockroaches
  10 goblins
  A hobgoblin (D:2)
  7 jackals
  A quokka (D:3)
  6 kobolds
  A leopard gecko skeleton (D:4)
  4 rats
61 creatures vanquished.

Notes
Turn   | Place    | Note
-------+----------+-------------------------------------------
     0 | D:1      | Drunkenshrew the Draconian Monk began the quest for the Orb.
     0 | D:1      | Reached XP level 1. HP: 19/19 MP: 1/1
   171 | D:1      | Reached XP level 2. HP: 22/26 MP: 2/2
   544 | D:2      | HP: 1/27 [worm (8)]
   826 | D:2      | Found a sparkling altar of Nemelex Xobeh.
   847 | D:2      | Reached XP level 3. HP: 33/33 MP: 3/3
  1137 | D:2      | Found a blossoming altar of Fedhas.
  1150 | D:2      | Found a snail-covered altar of Cheibriados.
  1158 | D:2      | Noticed Ijyb
  1173 | D:2      | Killed Ijyb
  1204 | D:2      | Found a sparkling altar of Nemelex Xobeh.
  1205 | D:2      | Found a radiant altar of Vehumet.
  1263 | D:2      | Reached skill level 5 in Fighting
  1279 | D:2      | Reached XP level 4. HP: 36/42 MP: 4/4
  1615 | D:3      | Found a glowing silver altar of Zin.
  1738 | D:3      | Found a hide-covered altar of Uskayaw.
  1789 | D:3      | You fall through a shaft for 2 floors!
  1789 | D:5      | Entered Level 5 of the Dungeon
  1862 | D:5      | Reached XP level 5. HP: 35/48 MP: 5/5
  2040 | D:5      | Noticed glosham's ghost (weakling FoCj)
  2330 | D:4      | Noticed an ogre
  2347 | D:4      | Killed an ogre
  2347 | D:4      | Reached skill level 5 in Long Blades
  2380 | D:4      | Reached XP level 6. HP: 37/56 MP: 6/6
  2402 | D:4      | Slain by a gnoll

Skill      XL: |  1  2  3  4  5 |
---------------+----------------+-----
Dodging        | 3 |  3.1
Fighting       | 4 5 |  5.0
Long Blades    | 4 5 |  5.5
Stealth        | |  1.7

Action                   |  1- 3 |  4- 6 || total
-------------------------+-------+-------++-------
Melee: Falchion          |   117 |   159 ||   276
       Tailslap          |    16 |    31 ||    47
  Use: Scroll            |       |     9 ||     9
       Potion            |       |     1 ||     1
 Stab: Sleeping          |     2 |     4 ||     6
  Eat: Chunk             |     1 |     4 ||     5
Armor: Skin              |    32 |    35 ||    67
Dodge: Dodged            |    99 |   149 ||   248
       Rpst.: Falchion   |    37 |    44 ||    81
